 Dungeon Crawl Stone Soup version 0.19-a0-1608-g4cf22de (webtiles) character file.

24 jacquesderrida the Slasher (level 3, -1/18 HPs)
             Began as a Vine Stalker Skald on Sept 17, 2016.
             Slain by a hound (4 damage)
             ... on level 2 of the Dungeon.
             The game lasted 00:01:59 (178 turns).

jacquesderrida the Slasher (Vine Stalker Skald)      Turns: 178, Time: 00:01:59

Health: -1/18      AC:  3    Str: 14    XL:     3   Next: 2%
Magic:  0/7        EV: 11    Int: 12    God:
Gold:   16         SH:  0    Dex: 14    Spells: 1 memorised, 5 levels left

rFire  . . .     SeeInvis .     a - +0 falchion
rCold  . . .     Gourm    .     b - +0 leather armour
rNeg   . . .     Faith    .     (no shield)
rPois  .         Spirit   +     (no helmet)
rElec  .         Dismiss  .     (no cloak)
rCorr  .         Reflect  .     (no gloves)
MR     +....     Harm     .     (no boots)
Stlth  +.........               (no amulet)
                                (no ring)
                                f - ring of protection from magic

@: no status effects
A: fangs 2, magic shield, antimagic bite, no device heal 3, rot immunity
a: no special abilities


You were on level 2 of the Dungeon.
You were not hungry.

You visited 1 branch of the dungeon, and saw 2 of its levels.

You collected 16 gold pieces.

Inventory:

Hand Weapons
 a - a +0 falchion (weapon)
Armour
 b - a +0 leather armour (worn)
Jewellery
 f - a ring of protection from magic (left hand)
Scrolls
 g - a scroll of remove curse {unknown}
 i - a scroll of identify {unknown}
 k - a scroll of magic mapping {unknown}
Potions
 e - a potion of ambrosia {unknown}
 h - a potion of magic {unknown}
 j - a potion of curing {unknown}
Books
 c - a book of Battle

   Spells                             Type                      Level
   a - Infusion                       Charms                       1
   b - Shroud of Golubria             Charms/Translocation         2
   c - Song of Slaying                Charms                       2
   d - Spectral Weapon                Hexes/Charms                 3
   e - Regeneration                   Charms/Necromancy            3
Comestibles
 d - a bread ration


   Skills:
 - Level 1.7 Fighting
 + Level 3.1 Long Blades
 - Level 0.7 Armour
 - Level 0.7 Dodging
 - Level 2.1 Spellcasting
 - Level 3.0 Charms


You had 5 spell levels left.
You knew the following spells:

 Your Spells              Type           Power        Failure   Level  Hunger
a - Infusion              Chrm           #...         12%         1    ##.....


Dungeon Overview and Level Annotations

Branches:
Dungeon (2/15)

Altars:
Makhleb


Innate Abilities, Weirdness & Mutations

You have extremely sharp teeth.
When hurt, damage is shared between your health and your magic reserves.
Your bite disrupts and absorbs the magic of your enemies.
Potions and wands cannot restore your health.
You are immune to rotting.


Message History

The hound bites you. The hound barely misses you.
Unknown command.
You barely miss the hound.
The hound is almost dead.
The hound closely misses you.
You riposte.
You barely miss the hound. You bite the hound, but do no damage.
The hound is almost dead.
The hound closely misses you.
You riposte.
You closely miss the hound.
The hound is almost dead.
You completely miss the hound.
The hound is almost dead.
The hound closely misses you.
You riposte.
You hit the hound but do no damage.
The hound is almost dead.
Unknown command.
You closely miss the hound. You bite the hound, but do no damage.
The hound is almost dead.
The hound bites you.
* * * LOW HITPOINT WARNING * * *
The hound bites you.
You die...

#...............#
#.###############
#........
#..########### ..
#..###........ ....
#....+........
.....##.###........
......†..##........
###......@h........
#......##........
#......#####....#
######## ...# _..
##


You could see a hound.

Vanquished Creatures
  An adder (D:2)
  2 goblins (D:1)
  3 hobgoblins
  3 jackals (D:1)
  A kobold (D:1)
  2 bats
  A rat (D:2)
13 creatures vanquished.

Notes
Turn   | Place    | Note
-------+----------+-------------------------------------------
     0 | D:1      | jacquesderrida the Vine Stalker Skald began the quest for the Orb.
     0 | D:1      | Reached XP level 1. HP: 11/11 MP: 4/4
    18 | D:1      | Reached XP level 2. HP: 13/15 MP: 6/6
   148 | D:2      | Reached XP level 3. HP: 10/18 MP: 7/7
   164 | D:2      | Found a burning altar of Makhleb.
   178 | D:2      | Slain by a hound

Vault maps used:
D:1:      scummos_arrival_simple_crosswalls
D:2:      makhleb_heckhound_becter

Skill      XL: |  1  2 |
---------------+-------+-----
Long Blades    | 2 3 |  3.1
Fighting       | |  1.7
Armour         | |  0.7
Dodging        | |  0.7
Spellcasting   | |  2.1
Charms         | |  3.0

Action                   || total
-------------------------++-------
Melee: Falchion          ||    62
       Bite              ||    11
Armor: Leather armour    ||    10
Dodge: Dodged            ||    38
